 Dungeon Crawl Stone Soup version 0.21.1-1-g345015f (webtiles) character file.

2116 lysyklops the Cleaver (level 9, -3/79 HPs)
             Began as a Green Draconian Berserker on July 11, 2018.
             Was an Elder of Trog.
             Slain by an orc warrior
             ... wielding a +0 scimitar
              (16 damage)
             ... on level 7 of the Dungeon.
             The game lasted 00:17:42 (6417 turns).

lysyklops the Cleaver (Green Draconian Berserker)   Turns: 6417, Time: 00:17:43

Health: -3/79      AC:  7    Str: 23    XL:     9   Next: 8%
Magic:  9/9        EV: 14    Int:  7    God:    Trog [****..]
Gold:   380        SH:  0    Dex: 11    Spells: 8/8 levels left

rFire    . . .     SeeInvis .   a - +0 hand axe
rCold    . . .     Gourm    .   (no shield)
rNeg     . . .     Faith    .   (armour unavailable)
rPois    +         Spirit   .   (helmet restricted)
rElec    .         Reflect  .   (no cloak)
rCorr    .         Harm     .   (no gloves)
MR       .....                  (no boots)
Stlth    +.........             (no amulet)
HPRegen  0.23/turn              (no ring)
MPRegen  0.11/turn              (no ring)

@: short of breath
A: breathe noxious fumes, unfitting armour, poison resistance, cold-blooded, AC
+7
a: Breathe Noxious Fumes, Berserk, Trog's Hand, Brothers in Arms, Burn
Spellbooks, Renounce Religion


You were on level 7 of the Dungeon.
You worshipped Trog.
Trog was greatly pleased with you.
You were not hungry.

You visited 1 branch of the dungeon, and saw 7 of its levels.

You collected 380 gold pieces.

Inventory:

Hand Weapons
 a - a +0 hand axe (weapon)
 t - a +0 war axe
Armour
 k - a +0 pair of gloves
Jewellery
 h - an uncursed amulet of the gourmand {unknown}
 y - an uncursed ring of magical power {unknown}
 A - an uncursed ring of positive energy {unknown}
 F - an uncursed ring of see invisible {unknown}
Wands
 w - a wand of random effects (28)
 z - a wand of flame (21)
Scrolls
 c - 7 scrolls of identify {unknown}
 d - 2 scrolls of magic mapping {unknown}
 g - 2 scrolls of enchant weapon {unknown}
 l - 6 scrolls of remove curse {unknown}
 n - 2 scrolls of amnesia {unknown}
 q - 2 scrolls of fog {unknown}
 r - 2 scrolls of noise {unknown}
 s - a scroll of teleportation {unknown}
 x - 2 scrolls of fear {unknown}
 C - a scroll of immolation {unknown}
 D - a scroll of enchant armour {unknown}
Potions
 e - 2 potions of heal wounds {unknown}
 f - 2 potions of might {unknown}
 i - 5 potions of curing {unknown}
 j - 3 potions of degeneration {unknown}
 m - 2 potions of ambrosia {unknown}
 o - a potion of cancellation {unknown}
 p - a potion of berserk rage {unknown}
 u - a potion of lignification {unknown}
 v - a potion of mutation {unknown}
 B - a potion of magic {unknown}
Comestibles
 b - 10 rations


   Skills:
 + Level 7.5 Fighting
 + Level 9.1 Axes
 + Level 5.7 Dodging
 - Level 0.6 Stealth


You had 8 spell levels left.
You didn't know any spells.

Dungeon Overview and Level Annotations

Branches:
Dungeon (7/15)             Temple (0/1) D:6

Altars:
Ashenzari
Elyvilon
Gozag
Hepliaklqana
Makhleb
Okawaru
Qazlal
Ru
Uskayaw
Wu Jian
Xom
Yredelemnul
The Shining One

Shops:
D:5 :


Innate Abilities, Weirdness & Mutations

You can breathe blasts of noxious fumes.
Your lurid green scales are hard. (AC +7)
You cannot fit into any form of body armour.
Your system is resistant to poisons. (rPois)
You are cold-blooded and may be slowed by cold attacks.


Message History

The orc warrior appears confused.
The orc warrior completely misses you.
You are too injured to fight recklessly!
You are too injured to fight recklessly!
You are too injured to fight recklessly!
You hit the orc warrior but do no damage.
The orc warrior is lightly wounded.
You hit the orc warrior but do no damage.
The orc warrior is lightly wounded.
The orc warrior is engulfed in noxious fumes.
The orc warrior appears confused.
You hit the orc warrior but do no damage.
The orc warrior is lightly wounded.
The orc warrior is engulfed in noxious fumes.
The orc warrior appears confused.
The orc warrior hits you with a scimitar!!
* * * LOW HITPOINT WARNING * * *
You hit the orc warrior but do no damage.
The orc warrior is moderately wounded.
The orc warrior hits you with a scimitar!
You die...

####.#####..# #..
... # #.# #..#
#.####... # #.#
#..# #..$..... #
#.# #..#
#..#..... # #.#
#..#.####.....#.#
# #.#
#..#...$).......#
# #.# #..#
#(....# #
#..######(.#.##
####.#
#......@oo.#
.....#
##.#######.#
###### #.# .# ##
#.. .# .# #### ##
.# .#####...
.......# .#######


You could see an orc warrior (confused) and an orc.

Vanquished Creatures
  A troll (D:7)
  The ghost of Bnni the Twirler, an amateur BaGl (D:5)
  A hippogriff (D:7)
  Eustachio (D:6)
  A hungry ghost (D:7)
  3 ogres
  A big kobold (D:7)
  A gnoll sergeant (D:5)
  A wyvern skeleton (D:6)
  A howler monkey (D:4)
  2 jellies
  3 hounds
  A bullfrog skeleton (D:5)
  3 iguanas
  Terence (D:3)
  3 worker ants
  Natasha (D:3)
  3 orc wizards
  A killer bee zombie (D:6)
  A hound skeleton (D:4)
  Robin (D:2)
  9 gnolls
  6 adders
  An ooze (D:3)
  An adder skeleton (D:4)
  An adder zombie (D:6)
  2 worms (D:3)
  A dart slug (D:3)
  A leopard gecko (D:5)
  26 orcs
  3 giant cockroaches
  11 goblins
  10 hobgoblins
  2 jackals (D:5)
  13 kobolds
  3 quokkas
  A ball python (D:1)
  A ball python zombie (D:5)
  9 bats
  8 frilled lizards
  2 giant cockroach zombies
  5 rats
148 creatures vanquished.

Notes
Turn   | Place    | Note
-------+----------+-------------------------------------------
     0 | D:1      | lysyklops the Draconian Berserker began the quest for the Orb.
     0 | D:1      | Reached XP level 1. HP: 19/19 MP: 1/1
   285 | D:1      | Reached XP level 2. HP: 26/26 MP: 2/2
  1129 | D:2      | Noticed Robin
  1142 | D:2      | Reached XP level 3. HP: 20/33 MP: 3/3
  1151 | D:2      | Killed Robin
  1343 | D:2      | Found a shattered altar of Ashenzari.
  1393 | D:2      | Reached ** piety under Trog
  1766 | D:2      | You fall through a shaft for 2 floors!
  1790 | D:3      | Reached XP level 4. HP: 40/40 MP: 4/4
  1816 | D:3      | Reached skill level 4 in Axes
  1860 | D:3      | HP: 2/40 [poisoned by an adder]
  2237 | D:3      | Noticed Natasha
  2247 | D:3      | Killed Natasha
  2247 | D:3      | Reached XP level 5. HP: 35/47 MP: 5/5
  2456 | D:3      | Noticed Terence
  2478 | D:3      | Killed Terence
  2557 | D:3      | Reached *** piety under Trog
  2596 | D:4      | Reached skill level 5 in Axes
  2873 | D:4      | Reached XP level 6. HP: 51/53 MP: 6/6
  3171 | D:4      | Found a sacrificial altar of Ru.
  3328 | D:5      | Entered Level 5 of the Dungeon
  3414 | D:5      | Reached skill level 5 in Fighting
  3512 | D:5      | Your scales start taking on a lurid green colour.
  3512 | D:5      | Reached XP level 7. HP: 43/61 MP: 7/7
  3512 | D:5      | Gained mutation: Your system is resistant to poisons. (rPois) [Green Draconian growth]
  3645 | D:5      | Found Afefummue's Book Boutique.
  3646 | D:5      | Noticed Bnni's ghost (amateur BaGl)
  3656 | D:5      | Reached skill level 6 in Axes
  3661 | D:5      | Killed Bnni's ghost
  3913 | D:5      | HP: 3/62 [acid (4)]
  4526 | D:5      | Reached skill level 7 in Axes
  4831 | D:6      | Noticed Eustachio
  4869 | D:6      | Killed Eustachio
  4869 | D:6      | Reached XP level 8. HP: 65/70 MP: 8/8
  5058 | D:6      | Reached **** piety under Trog
  5058 | D:6      | Reached skill level 5 in Dodging
  5647 | D:6      | Found a staircase to the Ecumenical Temple.
  5770 | D:6      | Reached skill level 8 in Axes
  6076 | D:7      | Found a shimmering altar of Xom.
  6077 | D:7      | Found an ornate altar of the Wu Jian Council.
  6077 | D:7      | Noticed a hippogriff
  6082 | D:7      | Found a sacrificial altar of Ru.
  6083 | D:7      | Found a hazy altar of Hepliaklqana.
  6083 | D:7      | Found a hide-covered altar of Uskayaw.
  6083 | D:7      | Found an opulent altar of Gozag.
  6083 | D:7      | Found a white marble altar of Elyvilon.
  6084 | D:7      | Found an iron altar of Okawaru.
  6093 | D:7      | Found a basalt altar of Yredelemnul.
  6094 | D:7      | Found a stormy altar of Qazlal.
  6099 | D:7      | Killed a hippogriff
  6100 | D:7      | Found a glowing golden altar of the Shining One.
  6228 | D:7      | Found a burning altar of Makhleb.
  6355 | D:7      | Noticed a troll
  6363 | D:7      | Killed a troll
  6363 | D:7      | Reached skill level 9 in Axes
  6363 | D:7      | Reached XP level 9. HP: 79/79 MP: 9/9
  6417 | D:7      | Slain by an orc warrior

Skill      XL: |  1  2  3  4  5  6  7  8 |
---------------+-------------------------+-----
Dodging        | 3 4 5 |  5.7
Fighting       | 4 5 6 7 |  7.5
Axes           | 4 5 7 9 |  9.1
Stealth        | |  0.6

Action                   |  1- 3 |  4- 6 |  7- 9 || total
-------------------------+-------+-------+-------++-------
Melee: Hand axe          |    92 |   209 |   241 ||   542
       Tailslap          |     8 |    31 |    37 ||    76
Invok: Berserk           |     1 |     5 |     4 ||    10
       Burn Spellbooks   |     1 |       |       ||     1
 Abil: Breathe Noxious F |       |       |    11 ||    11
 Stab: Sleeping          |     3 |       |     1 ||     4
       Confused          |       |       |     8 ||     8
  Eat: Chunk             |     3 |     8 |     4 ||    15
       Ration            |       |     1 |     4 ||     5
Armor: Skin              |    37 |    48 |    41 ||   126
Dodge: Dodged            |    61 |   147 |   132 ||   340
